 Dungeon Crawl Stone Soup version 0.32-a0-163-g159c032296 (webtiles) character file.

Game seed: 1576406021375779705

95 Ceno the Grave Robber (level 4, -1/32 HPs)
             Began as a Gnoll Necromancer on Feb 11, 2024.
             Slain by a gnoll
             ... wielding a +0 spear
             ... led by a gnoll bouda
              (3 damage)
             ... on level 3 of the Dungeon.
             The game lasted 00:06:04 (1784 turns).

Ceno the Grave Robber (Gnoll Necromancer)           Turns: 1784, Time: 00:06:05

Health: -1/32      AC:  5    Str:  9    XL:     4   Next: 65%
Magic:  1/11       EV: 11    Int: 15    God:
Gold:   104        SH:  0    Dex: 12    Spells: 9/13 levels left

rFire   + . .        k - +0 dagger (venom)
rCold   . . .        (no shield)
rNeg    + . .        s - +0 ring mail {rF+}
rPois   .            (no helmet)
rElec   .            (no cloak)
rCorr   .            (no gloves)
SInv    +            (no boots)
Will    .....        (no amulet)
Stlth   ++           e - ring of positive energy
HPRegen 0.25/turn    (no ring)
MPRegen 0.12/turn

%: clarity
@: brilliant, lethally poisoned (-1 -> -5), very slightly contaminated
A: fangs 1, strong nose, distributed training, see invisible, clarity
a: no special abilities


You were on level 3 of the Dungeon.
You visited 1 branch of the dungeon, and saw 3 of its levels.

You collected 104 gold pieces.

Inventory:

Hand Weapons
 h - a +0 whip
 k - a +0 dagger of venom (weapon)
Missiles
 d - 35 stones
 m - 4 javelins
Armour
 a - a +0 robe
 s - a +0 ring mail of fire resistance (worn)
Jewellery
 e - a ring of positive energy (left hand)
Scrolls
 c - 2 scrolls of teleportation
 f - a scroll of amnesia {unknown}
 j - a scroll of vulnerability {unknown}
 n - 2 scrolls of identify {unknown}
 o - a scroll of poison {unknown}
 p - a scroll of fog {unknown}
 q - a scroll of enchant armour {unknown}
 r - a scroll of torment {unknown}
 t - a scroll of immolation {unknown}
 w - a scroll of blinking {unknown}
Potions
 b - a potion of magic
 i - a potion of enlightenment {unknown}
 l - 3 potions of mutation
 u - a potion of might {unknown}
 v - 2 potions of curing {unknown}


   Skills:
 + Level 1.2 Fighting
 + Level 1.2 Short Blades
 + Level 1.2 Long Blades
 + Level 1.2 Axes
 + Level 1.2 Maces & Flails
 + Level 1.2 Polearms
 + Level 1.2 Staves
 + Level 1.2 Ranged Weapons
 + Level 1.2 Throwing
 + Level 1.2 Armour
 + Level 4.7 Dodging
 + Level 4.3 Stealth
 + Level 1.2 Shields
 + Level 1.2 Unarmed Combat
 + Level 5.1 Spellcasting
 + Level 1.0 Conjurations
 + Level 1.0 Hexes
 + Level 1.0 Summonings
 + Level 7.1 Necromancy
 + Level 1.0 Translocations
 + Level 1.0 Fire Magic
 + Level 1.0 Ice Magic
 + Level 1.0 Air Magic
 + Level 1.0 Earth Magic
 + Level 1.0 Alchemy
 + Level 1.4 Invocations
 + Level 1.2 Evocations
 + Level 1.1 Shapeshifting


You had 9 spell levels left.
You knew the following spells:

 Your Spells              Type           Power      Damage    Failure   Level
a - Necrotise             Necr           100%       1d9       2%          1
b - Vampiric Draining     Necr           38%        2d8       7%          3

Your spell library contained the following spells:

 Spells                   Type           Power      Damage    Failure   Level
 Animate Dead             Necr           38%        N/A       24%         4
 Curse of Agony           Necr           38%        N/A       54%         5


Dungeon Overview and Level Annotations

Branches:
Dungeon (3/15)

Altars:
The Shining One

Shops:
D:3 *


Innate Abilities, Weirdness & Mutations

You have very sharp teeth.
Your uncanny sense of smell can sniff out nearby items.
Your experience applies equally to all skills.
You have supernaturally acute eyesight. (SInv)
You possess an exceptional clarity of mind.


Message History

Press: ? - help, Shift-Dir - straight line, f - gnoll bouda
Aim: a gnoll bouda, wielding a +0 whip of venom and wearing a +0 leather armour (lightly wounded, very poisoned)
You miscast Vampiric Draining.
You are very lightly contaminated with residual magic.
Nothing appears to happen.
You feel sick. The gnoll completely misses you.
The gnoll bouda hits you but does no damage.
You are more poisoned.
Casting: Vampiric Draining (quite dangerous; 7% risk of failure)
Confirm with . or Enter, or press ? or * to list all spells.
Aiming: Vampiric Draining (quite dangerous; 7% risk of failure)
Press: ? - help, Shift-Dir - straight line, f/p - gnoll bouda
Aim: a gnoll bouda, wielding a +0 whip of venom and wearing a +0 leather armour (lightly wounded, very poisoned)
You draw life force from the gnoll bouda.
You feel life coursing into your body.
You feel very sick.
The gnoll hits you from afar with a +0 spear.
The gnoll bouda hits you with a +0 whip of venom.
Casting: Vampiric Draining (quite dangerous; 7% risk of failure)
Confirm with . or Enter, or press ? or * to list all spells.
You don't have enough magic to cast this spell.
You hit the gnoll bouda but do no damage.
The gnoll bouda looks as sick as possible!
You bite the gnoll bouda, but do no damage.
The gnoll bouda is moderately wounded.
* * * LOW HITPOINT WARNING * * *
You feel very sick.
The gnoll hits you from afar with a +0 spear.
* * * LOW HITPOINT WARNING * * *
The gnoll bouda closely misses you.
It was a potion of mutation.
You feel extremely strange.
Your thoughts seem clearer.
Your vision sharpens.
* * * LOW HITPOINT WARNING * * *
You feel sick. The gnoll hits you but does no damage.
The gnoll bouda barely misses you.
It was a potion of brilliance.
You feel clever all of a sudden.
* * * LOW HITPOINT WARNING * * *
You feel sick.
The gnoll hits you from afar with a +0 spear.
You die...

## ... #.. #...
.#....####################
....)gggg@................
.###..####################
#. .. ##


You could see a gnoll bouda (extremely poisoned) and 3 gnolls.

Vanquished Creatures
  2 gnolls (D:3)
  2 adders
  A dart slug (D:2)
  2 ball pythons (D:2)
  3 endoplasms (D:1)
  3 giant cockroaches
  3 goblins
  6 hobgoblins
  3 jackals (D:2)
  2 quokkas
  6 bats
  5 frilled lizards
  4 kobolds
  2 rats
44 creatures vanquished.

Vanquished Creatures (collateral kills)
  A ball python (D:1)
  A kobold (D:1)
  3 rats
5 creatures vanquished.

Grand Total: 49 creatures vanquished

Notes
Turn   | Place    | Note
-------+----------+-------------------------------------------
     0 | D:1      | Ceno the Gnoll Necromancer began the quest for the Orb.
     0 | D:1      | Reached XP level 1. HP: 13/13 MP: 6/6
   187 | D:1      | Reached XP level 2. HP: 19/19 MP: 3/7
   640 | D:2      | Found a glowing golden altar of the Shining One.
   704 | D:2      | Reached skill level 5 in Spellcasting
   704 | D:2      | Reached XP level 3. HP: 25/25 MP: 5/9
   729 | D:2      | Reached skill level 1 in Invocations
   875 | D:2      | Learned a level 3 spell: Vampiric Draining
   979 | D:2      | Reached skill level 1 in Fighting
   979 | D:2      | Reached skill level 1 in Short Blades
   979 | D:2      | Reached skill level 1 in Long Blades
   979 | D:2      | Reached skill level 1 in Axes
   979 | D:2      | Reached skill level 1 in Maces & Flails
   979 | D:2      | Reached skill level 1 in Polearms
   979 | D:2      | Reached skill level 1 in Staves
   979 | D:2      | Reached skill level 1 in Ranged Weapons
   979 | D:2      | Reached skill level 1 in Throwing
   979 | D:2      | Reached skill level 1 in Armour
   979 | D:2      | Reached skill level 1 in Shields
   979 | D:2      | Reached skill level 1 in Unarmed Combat
   979 | D:2      | Reached skill level 1 in Evocations
  1415 | D:3      | Reached skill level 1 in Shapeshifting
  1415 | D:3      | Reached XP level 4. HP: 32/32 MP: 6/11
  1482 | D:3      | Found Ohuaw's Assorted Antiques.
  1767 | D:3      | Reached skill level 1 in Conjurations
  1767 | D:3      | Reached skill level 1 in Hexes
  1767 | D:3      | Reached skill level 1 in Summonings
  1767 | D:3      | Reached skill level 1 in Translocations
  1767 | D:3      | Reached skill level 1 in Fire Magic
  1767 | D:3      | Reached skill level 1 in Ice Magic
  1767 | D:3      | Reached skill level 1 in Air Magic
  1767 | D:3      | Reached skill level 1 in Earth Magic
  1767 | D:3      | Reached skill level 1 in Alchemy
  1783 | D:3      | Gained mutation: You possess an exceptional clarity of
                  | mind. [potion of mutation]
  1783 | D:3      | Gained mutation: You have supernaturally acute eyesight.
                  | (SInv) [potion of mutation]
  1784 | D:3      | Slain by a gnoll

Illustrated notes

Levels and vault maps discovered:
D:1:      dpeg_arrival_tiny_h, layout_rooms, minmay_pentomino_t2
D:2:      layout_loops_corners, basic_altar
D:3:      layout_basic, serial_shops, shop, chequers_serial_rivers_micro_a,
          uniq_crazy_yiuf_cottage

Skill      XL: |  1  2  3  4 |
---------------+-------------+-----
Spellcasting   | 5 |  5.1
Invocations    | 1 |  1.4
Fighting       | 1 |  1.2
Short Blades   | 1 |  1.2
Long Blades    | 1 |  1.2
Axes           | 1 |  1.2
Maces & Flails | 1 |  1.2
Polearms       | 1 |  1.2
Staves         | 1 |  1.2
Ranged Weapons | 1 |  1.2
Throwing       | 1 |  1.2
Armour         | 1 |  1.2
Shields        | 1 |  1.2
Unarmed Combat | 1 |  1.2
Evocations     | 1 |  1.2
Shapeshifting  | 1 |  1.1
Conjurations   | 1 |  1.0
Hexes          | 1 |  1.0
Summonings     | 1 |  1.0
Translocations | 1 |  1.0
Fire Magic     | 1 |  1.0
Ice Magic      | 1 |  1.0
Air Magic      | 1 |  1.0
Earth Magic    | 1 |  1.0
Alchemy        | 1 |  1.0
Dodging        | |  4.7
Stealth        | |  4.3
Necromancy     | |  7.1

Action                     |  1- 3 |  4- 6 || total
---------------------------+-------+-------++-------
  Melee: Whip              |    16 |       ||    16
         Dagger            |    27 |     8 ||    35
         Bite              |     4 |     2 ||     6
   Cast: Necrotise         |    45 |    11 ||    56
         Vampiric Draining |       |     1 ||     1
    Use: Scroll            |     1 |       ||     1
         Potion            |       |     2 ||     2
   Stab: Sleeping          |     3 |       ||     3
 Armour: Robe              |     1 |       ||     1
         Leather armour    |    20 |       ||    20
         Ring mail         |    16 |    12 ||    28
  Dodge: Dodged            |    56 |    11 ||    67

Table legend: (Time is in decaauts)
 A = Elapsed time spent in this place.
 B = Non-inter-level travel time spent in this place.
 C = Inter-level travel time spent in this place.
 D = Time resting spent in this place.
 E = Time spent auto-exploring this place.
 F = Levels seen in this place.
 G = Mean time per level.
                   A        B        C        D        E       F      G
               +--------+--------+--------+--------+--------+-----+--------+
         Total |   1783 |   1746 |     37 |      0 |    988 |   3 |  594.3 |
       Dungeon |   1783 |   1746 |     37 |      0 |    988 |   3 |  594.3 |
               +--------+--------+--------+--------+--------+-----+--------+

Top non-repeatable levels by time:
     D:2: 781 daAuts
     D:1: 628 daAuts
     D:3: 373 daAuts
